 Dungeon Crawl Stone Soup version 0.28-a0-384-g9e0c098162 (webtiles) character file.

Game seed: 10613710660064053770

758 robertstho the Magician (level 8, -5/55 HPs)
             Began as a Djinni Fire Elementalist on Sept 2, 2021.
             Shot with an arrow by a centaur (8 damage)
             ... on level 5 of the Dungeon.
             The game lasted 00:07:20 (5926 turns).

robertstho the Magician (Djinni Fire Elementalist)  Turns: 5926, Time: 00:07:21

Health: -5/55      AC:  3    Str:  7    XL:     8   Next: 7%
Gold:   253        EV: 12    Int: 20    God:
                   SH:  0    Dex: 13

rFire   + + .      SeeInvis .   o - +1 morningstar (protect)
rCold   x . .      Faith    .   (no shield)
rNeg    . . .      Spirit   .   a - +0 robe
rPois   ∞          Reflect  .   (no helmet)
rElec   .          Harm     .   t - scarf {repulsion}
rCorr   .          Rampage  .   n - +0 pair of gloves
Will    .....                   (boots unavailable)
Stlth   ++........              (no amulet)
HPRegen 0.18/turn               (no ring)
MPRegen 0.00/turn               (no ring)

@: flying, very slightly contaminated, repel missiles
A: sickness immunity, fire resistance 2, cold vulnerability 1, float, innate
caster, hp casting, extra vitality 1
a: no special abilities


You were on level 5 of the Dungeon.
You visited 1 branch of the dungeon, and saw 5 of its levels.

You collected 253 gold pieces.

Inventory:

Hand Weapons
 c - a +0 dagger
 o - a +1 morningstar of protection (weapon)
Missiles
 v - 3 throwing nets
Armour
 a - a +0 robe (worn)
 n - a +0 pair of gloves (worn)
 t - a scarf of repulsion (worn)
Wands
 r - a wand of mindburst (8)
Scrolls
 d - 2 scrolls of fog {unknown}
 f - a scroll of enchant armour {unknown}
 i - 6 scrolls of identify {unknown}
 j - a scroll of silence {unknown}
 m - a scroll of holy word {unknown}
 p - 3 scrolls of teleportation
 q - 2 scrolls of noise {unknown}
 s - a scroll of amnesia {unknown}
 u - a scroll of torment {unknown}
Potions
 b - a potion of curing {unknown}
 e - 3 potions of flight {unknown}
 g - a potion of ambrosia {unknown}
 h - a potion of berserk rage {unknown}
 k - a potion of heal wounds {unknown}
 l - 2 potions of mutation {unknown}
 w - a potion of attraction {unknown}
 x - a potion of cancellation {unknown}
 z - a potion of resistance {unknown}


   Skills:
 * Level 2.3 Fighting
 + Level 3.0 Dodging
 + Level 2.3 Stealth
 * Level 6.2 Spellcasting


You couldn't memorise any spells.
You knew the following spells:

 Your Spells              Type           Power      Damage    Failure   Level
a - Foxfire               Conj/Fire      100%       2x1d9     1%          1
b - Scorch                Fire           62%        2d8       1%          2
c - Conjure Flame         Conj/Fire      31%        6-21      2%          3
d - Inner Flame           Hex/Fire       31%        N/A       2%          3
e - Sticky Flame          Conj/Fire      31%        2d5       8%          4
f - Fireball              Conj/Fire      15%        3d8       22%         5
g - Magic Dart            Conj           100%       1d8       1%          1
h - Call Imp              Summ           31%        N/A       1%          2
i - Passwall              Tmut/Erth      25%        N/A       1%          2
Your spell library was empty.

Dungeon Overview and Level Annotations

Branches:
Dungeon (5/15)             Temple (0/1) D:4

Altars:
Ashenzari
Dithmenos
Fedhas
Ru
Uskayaw

Shops:
D:1 [

Annotations:
D:5 Pikel


Innate Abilities, Weirdness & Mutations

You are immune to sickness and miasma.
You are immune to poison.
Your flesh is very heat resistant. (rF++)
You are vulnerable to cold. (rC-)
You float through the air rather than walking.
You learn spells naturally, not from books.
Your magical power is your life essence.
You have superior vitality. (+4 HP)


Message History

The arrow hits you!
Casting: Scorch (safe; 1% risk of failure)
Confirm with . or Enter, or press ? or * to list all spells.
The spell is quite dangerous to cast (22% risk of failure)!
Continue anyway?
Aiming: Fireball (quite dangerous; 22% risk of failure)
Press: ? - help, Shift-Dir - straight line, f - centaur
Aim: a centaur, wielding a +0 shortbow and quivering arrows You miscast Fireball.
You are very lightly contaminated with residual magic.
You are blasted with magical energy!
The centaur shoots an arrow.
The arrow hits you!
You hear an angry hiss.
Casting: Fireball (quite dangerous; 22% risk of failure)
Confirm with . or Enter, or press ? or * to list all spells.
The spell is quite dangerous to cast (22% risk of failure)!
Continue anyway?
Aiming: Fireball (quite dangerous; 22% risk of failure)
Press: ? - help, Shift-Dir - straight line, f/p - centaur
Aim: a centaur, wielding a +0 shortbow and quivering arrows The fireball explodes!
The fireball engulfs the centaur!
The centaur is heavily wounded.
* * * LOW HITPOINT WARNING * * *
The centaur shoots an arrow.
The arrow barely misses you.
An adder comes into view.
Unknown command.
Aiming: Mindburst
Press: ? - help, Shift-Dir - straight line, f/p - centaur
Aim: a centaur, wielding a +0 shortbow and quivering arrows (heavily wounded, chance to affect: 65%)
The centaur struggles to resist.
The centaur shoots an arrow.
The arrow is repelled.
Aiming: Mindburst
Press: ? - help, Shift-Dir - straight line, f/p - centaur
Aim: a centaur, wielding a +0 shortbow and quivering arrows (heavily wounded, chance to affect: 65%)
The centaur struggles to resist.
The centaur shoots an arrow.
The arrow closely misses you.
The centaur shoots an arrow.
The arrow hits you!
* * * LOW HITPOINT WARNING * * *
Aiming: Mindburst
Press: ? - help, Shift-Dir - straight line, f/p - centaur
Aim: a centaur, wielding a +0 shortbow and quivering arrows (heavily wounded, chance to affect: 65%)
The centaur's mind is blasted!
The centaur shoots an arrow.
The arrow hits you!
You die...

#........#.#...###
#.###...##.##.##
#.# ##.##.# #.#
#.####.#.# ...
#.......## #.#
##..##....##
#..........#
#...........
#...@..S[...
#.......c...
#...##...#.. #...#
...... #...# .##.#
#.... .# # ##... #
#..


You could see a centaur and an adder.

Vanquished Creatures
  Sigmund (D:4)
  Eustachio (D:4)
  A water moccasin (D:5)
  A black bear (D:5)
  A lemure (D:5)
  A hound (D:5)
  2 orc priests (D:3)
  An orc wizard (D:5)
  Terence (D:2)
  3 adders
  2 ufetubi
  2 worms
  3 dart slugs
  7 orcs (D:3)
  5 ball pythons
  4 endoplasms
  3 giant cockroaches
  8 goblins
  10 hobgoblins
  4 quokkas
  8 bats
  2 frilled lizards (D:1)
  8 kobolds
  7 rats
86 creatures vanquished.

Vanquished Creatures (others)
  171 foxfires
171 creatures vanquished.

Grand Total: 257 creatures vanquished

Notes
Turn   | Place    | Note
-------+----------+-------------------------------------------
     0 | D:1      | robertstho the Djinni Fire Elementalist began the quest for
                  | the Orb.
     0 | D:1      | Reached XP level 1. HP: 15/15 MP: 0/0
   357 | D:1      | Reached XP level 2. HP: 20/21 MP: 0/0
   369 | D:1      | Found Tesunt's Antique Armour Shop.
  1028 | D:1      | Reached XP level 3. HP: 24/26 MP: 0/0
  1028 | D:1      | Learned a level 1 spell: Magic Dart
  1118 | D:1      | Reached skill level 3 in Spellcasting
  1769 | D:2      | Found a faded altar of an unknown god.
  2314 | D:2      | Reached XP level 4. HP: 26/31 MP: 0/0
  2373 | D:2      | Noticed Terence
  2381 | D:2      | Killed Terence
  2382 | D:2      | Reached skill level 1 in Fighting
  2603 | D:3      | Reached XP level 5. HP: 13/37 MP: 0/0
  2603 | D:3      | Learned a level 2 spell: Call Imp
  2809 | D:3      | Reached skill level 4 in Spellcasting
  3258 | D:3      | Found a shadowy altar of Dithmenos.
  3264 | D:3      | Found a blossoming altar of Fedhas.
  3836 | D:4      | Noticed Sigmund
  3840 | D:4      | Killed Sigmund
  3841 | D:4      | Reached skill level 5 in Spellcasting
  3841 | D:4      | Reached XP level 6. HP: 34/43 MP: 0/0
  4057 | D:4      | Found a broken altar of Ashenzari.
  4203 | D:4      | Noticed Eustachio
  4229 | D:5      | Entered Level 5 of the Dungeon
  4476 | D:4      | Killed Eustachio
  4477 | D:4      | Reached XP level 7. HP: 36/48 MP: 0/0
  4477 | D:4      | Learned a level 2 spell: Passwall
  4921 | D:4      | Found a staircase to the Ecumenical Temple.
  5269 | D:5      | Found a sacrificial altar of Ru.
  5445 | D:5      | Found a hide-covered altar of Uskayaw.
  5570 | D:5      | Noticed Pikel
  5852 | D:5      | Noticed a water moccasin
  5856 | D:5      | Killed a water moccasin
  5857 | D:5      | Reached skill level 6 in Spellcasting
  5857 | D:5      | Reached XP level 8. HP: 44/55 MP: 0/0
  5926 | D:5      | Shot with an arrow by a centaur

Illustrated notes

Levels and vault maps discovered:
D:1:      dpeg_arrival_rooms_b, layout_loops_corners, serial_shops,
          nicolae_shop_statue_plus, hex_tiny, dk_noncrumbling_3,
          minmay_octomino_j4
D:2:      layout_basic, hellmonk_ecumenical_altar_pennies_from_heaven,
          kennysheep_generic_room_5, uniq_terence
D:3:      layout_loops_ring, grunt_temple_overflow_open,
          chequers_serial_rivers_micro_b
D:4:      layout_gridville, nicolae_ashenzari_panopticon,
          minmay_temple_entry_junction_2, uniq_sigmund, uniq_eustachio
D:5:      layout_loops_ring, nicolae_ru_great_annihilating_truth,
          nicolae_uskayaw_dance_hall, eino_small_chamber_without_monster,
          minmay_tree_intersection, grunt_decor_mini_mirrors, uniq_pikel

Skill      XL: |  1  2  3  4  5  6  7 |
---------------+----------------------+-----
Spellcasting   | 3 5 6 |  6.2
Fighting       | 1 2 |  2.3
Stealth        | 2 |  2.3
Dodging        | 3 |  3.0

Action                   |  1- 3 |  4- 6 |  7- 9 || total
-------------------------+-------+-------+-------++-------
Melee: Dagger            |     2 |       |       ||     2
       Morningstar       |       |     1 |     1 ||     2
 Cast: Foxfire           |    86 |    30 |       ||   116
       Scorch            |       |    39 |    30 ||    69
       Sticky Flame      |       |     2 |     1 ||     3
       Fireball          |       |       |     1 ||     1
Evoke: Wand              |       |       |     3 ||     3
  Use: Scroll            |       |       |     1 ||     1
Armor: Robe              |     2 |     7 |       ||     9
Dodge: Dodged            |    19 |    23 |    10 ||    52
       Repelled          |       |       |     1 ||     1

Table legend: (Time is in decaauts)
 A = Elapsed time spent in this place.
 B = Non-inter-level travel time spent in this place.
 C = Inter-level travel time spent in this place.
 D = Time resting spent in this place.
 E = Time spent auto-exploring this place.
 F = Levels seen in this place.
 G = Mean time per level.
                   A        B        C        D        E       F      G
               +--------+--------+--------+--------+--------+-----+--------+
         Total |   5925 |   5828 |     97 |   1081 |   4217 |   5 | 1185.0 |
       Dungeon |   5925 |   5828 |     97 |   1081 |   4217 |   5 | 1185.0 |
               +--------+--------+--------+--------+--------+-----+--------+

Top non-repeatable levels by time:
     D:1: 1669 daAuts
     D:3: 1297 daAuts
     D:5: 1078 daAuts
     D:4: 1012 daAuts
     D:2: 867 daAuts
